 Dungeon Crawl Stone Soup version 0.24-a0-769-g368c1644f8 (webtiles) character file.

Game seed: 5042458095357032083, levelgen mode: deterministic

217 Erlindor the Magician (level 5, -3/35 HPs)
             Began as a Mummy Necromancer on Oct 6, 2019.
             Was an Initiate of Gozag.
             Killed from afar by an orc wizard (6 damage)
             ... with a magic dart
             ... on level 4 of the Dungeon.
             The game lasted 00:11:44 (3813 turns).

Erlindor the Magician (Mummy Necromancer)           Turns: 3813, Time: 00:11:45

Health: -3/35      AC:  2    Str: 11    XL:     5   Next: 62%
Magic:  10/13      EV: 12    Int: 15    God:    Gozag
Gold:   190        SH:  0    Dex: 13    Spells: 11/16 levels left

rFire    x . .     SeeInvis .   a - +0 whip
rCold    + . .     Gourm    .   (no shield)
rNeg     + + +     Faith    .   e - +0 robe
rPois    ∞         Spirit   .   (no helmet)
rElec    .         Reflect  .   (no cloak)
rCorr    .         Harm     .   (no gloves)
MR       .....                  (no boots)
Stlth    ++........             (no amulet)
HPRegen  0.11/turn              (no ring)
MPRegen  0.13/turn              (no ring)

@: no status effects
A: no food or potions, fire vulnerability, cold resistance 1, negative energy
resistance 3, torment resistance, unbreathing
a: Potion Petition, Call Merchant, Bribe Branch, Renounce Religion


You were on level 4 of the Dungeon.
You worshipped Gozag.
Gozag was aware of your devotion.
You were not hungry.

You visited 1 branch of the dungeon, and saw 4 of its levels.

You collected 223 gold pieces.
You paid 33 gold pieces to Gozag.

Inventory:

Hand Weapons
 a - a +0 whip (weapon)
Armour
 e - a +0 robe (worn)
 g - a +2 robe of magic resistance
Jewellery
 i - an uncursed amulet of the acrobat {unknown}
Wands
 f - a wand of iceblast (5)
Scrolls
 b - 5 scrolls of remove curse {unknown}
 c - 7 scrolls of identify {unknown}
 d - 2 scrolls of immolation {unknown}
 h - 2 scrolls of teleportation {unknown}
 j - a scroll of noise {unknown}


   Skills:
 - Level 1.5 Dodging
 - Level 1.5 Stealth
 * Level 6.1 Spellcasting
 + Level 5.1 Necromancy


You had 11 spell levels left.
You knew the following spells:

 Your Spells              Type           Power        Failure   Level  Hunger
a - Pain                  Necr           ###.         1%          1    N/A
b - Animate Skeleton      Necr           N/A          1%          1    N/A
c - Vampiric Draining     Necr           ###.......   5%          3    N/A

Your spell library contained the following spells:

 Spells                   Type           Power        Failure   Level  Hunger
 Animate Dead             Necr           N/A          17%         4    N/A
 Regeneration             Chrm/Necr      Unusable     N/A         3    N/A

Dungeon Overview and Level Annotations

Branches:
Dungeon (4/15)
 Temple: D:4-7

Altars:
Ashenzari
Cheibriados
Gozag
Kikubaaqudgha
Makhleb
Vehumet
Zin

Annotations:
D:4 exclusion: iguana


Innate Abilities, Weirdness & Mutations

You do not eat or drink.
Your flesh is vulnerable to fire.
You are immune to poison.
Your flesh is cold resistant. (rC+)
You are immune to negative energy. (rN+++)
You are immune to unholy pain and torment.
You can survive without breathing.


Message History

Aim: an orc, wielding a +0 short sword (chance to defeat MR: 90%)
The orc writhes in agony.
The orc wizard gestures at you while chanting.
The puff of flame hits you! The fire burns you terribly!
* * * LOW HITPOINT WARNING * * *
Casting: Pain (safe; 1% risk of failure)
Confirm with . or Enter, or press ? or * to list all spells.
Aiming: Pain (safe; 1% risk of failure)
Press: ? - help, Shift-Dir - straight line, f - orc wizard, p - orc
Aim: an orc wizard, wielding a +3 dagger and wearing a +0 robe (heavily wounded, fast, chance to defeat MR: 80%)
The orc wizard writhes in agony.
The orc priest shouts!
The orc wizard hits you with a +3 dagger.
* * * LOW HITPOINT WARNING * * *
An orc comes into view. It is wielding a +0 short sword.
The orc shouts!
The orc wizard points at you and mumbles some strange words.
The magic dart hits you.
You die...
Your body crumbles into a pile of gold.

#......##.......
#......##.......
#......##.......
###......##...#+#+
#...............#
#.#.#############
#.#........
#.#......##
#@#......#
##o#......#
#........o#.
#..o........
#....####o#.
#......oo...
#...#####o## #...#
#...#


You could see an orc wizard and an orc.

Vanquished Creatures
  A hound (D:4)
  Jessica (D:2)
  Terence (D:3)
  Natasha (twice) (D:2)
  2 adders (D:2)
  2 oozes (D:3)
  2 worms
  A dart slug (D:1)
  A leopard gecko (D:3)
  9 orcs
  A bat (D:3)
  3 giant cockroaches
  7 goblins
  3 hobgoblins
  A quokka (D:2)
  2 frilled lizards
  2 kobolds
  6 rats
47 creatures vanquished.

Notes
Turn   | Place    | Note
-------+----------+-------------------------------------------
     0 | D:1      | Erlindor the Mummy Necromancer began the quest for the Orb.
     0 | D:1      | Reached XP level 1. HP: 13/13 MP: 4/4
   270 | D:1      | Reached skill level 3 in Spellcasting
   462 | D:1      | Reached XP level 2. HP: 16/19 MP: 6/6
  1107 | D:2      | Noticed Natasha
  1125 | D:2      | Noticed Jessica
  1129 | D:2      | Killed Jessica
  1129 | D:2      | Reached skill level 4 in Spellcasting
  1129 | D:2      | Reached XP level 3. HP: 24/24 MP: 3/8
  1408 | D:2      | Found a snail-covered altar of Cheibriados.
  2026 | D:2      | Reached XP level 4. HP: 30/30 MP: 1/10
  2242 | D:2      | Killed Natasha
  2242 | D:2      | Reached skill level 5 in Spellcasting
  2447 | D:2      | Noticed Natasha
  2451 | D:2      | Killed Natasha
  2514 | D:3      | Found a radiant altar of Vehumet.
  2661 | D:3      | Learned a level 1 spell: Animate Skeleton
  2665 | D:3      | Learned a level 3 spell: Vampiric Draining
  2757 | D:3      | Reached XP level 5. HP: 35/35 MP: 8/12
  2801 | D:3      | Found an ancient bone altar of Kikubaaqudgha.
  2843 | D:3      | Found a shattered altar of Ashenzari.
  2852 | D:3      | Found a glowing silver altar of Zin.
  2853 | D:3      | Found an opulent altar of Gozag.
  2864 | D:3      | Became a worshipper of Gozag Ym Sagoz the Greedy
  2889 | D:3      | Noticed Terence
  2907 | D:3      | Killed Terence
  2907 | D:3      | Reached skill level 5 in Necromancy
  3264 | D:3      | Found a burning altar of Makhleb.
  3267 | D:3      | Noticed an Executioner
  3696 | D:4      | Reached skill level 6 in Spellcasting
  3813 | D:4      | Killed from afar by an orc wizard

Levels and vault maps discovered:
D:1:      lightli_arrival_flooded_house, layout_basic
D:2:      layout_basic, cheibriados_altar_1, uniq_natasha, uniq_jessica
D:3:      layout_loops_ring, makhleb_altar_promises_db, lemuel_doored_altar,
          grunt_temple_overflow_open, serial_glass, glass_columns_c,
          glass_columns_b, uniq_terence
D:4:      layout_basic, first_ration

Skill      XL: |  1  2  3  4  5 |
---------------+----------------+-----
Spellcasting   | 3 4 5 6 |  6.1
Necromancy     | 5 |  5.1
Dodging        | |  1.5
Stealth        | |  1.5

Action                   |  1- 3 |  4- 6 || total
-------------------------+-------+-------++-------
Melee: Club              |     5 |       ||     5
       Whip              |     6 |    26 ||    32
 Cast: Pain              |    49 |    57 ||   106
 Stab: Sleeping          |     1 |     2 ||     3
Armor: Robe              |     1 |     6 ||     7
Dodge: Dodged            |    11 |    31 ||    42

Table legend:
 A = Non-vault XP
 B = Vault XP
 C = Vault XP percentage of total XP
 D = Non-vault monster count
 E = Vault monster count
 F = Vault count percentage of total count
                 A         B        C        D         E       F
            +---------+---------+-------+---------+---------+-------
      Total |     203 |     108 |  34.7 |      44 |       3 |   6.4
            +---------+---------+-------+---------+---------+-------
        D:1 |      21 |       0 |   0.0 |      11 |       0 |   0.0
        D:2 |      76 |      72 |  48.6 |       9 |       2 |  18.2
        D:3 |      59 |      36 |  37.9 |      22 |       1 |   4.3
        D:4 |      47 |       0 |   0.0 |       2 |       0 |   0.0
            +---------+---------+-------+---------+---------+-------
